 Dungeon Crawl Stone Soup version 0.29-a0-557-g43b9904bd1 (webtiles) character file.

Game seed: 17449816001618681793

68430 dolemite99 the Basher (level 14, -3/174 HPs)
             Began as a Demonspawn Fighter on June 8, 2022.
             Was the Champion of Jiyva.
             Slain by a sea snake (8 damage)
             ... on level 6 of the Lair of Beasts.
             The game lasted 00:23:14 (17423 turns).

dolemite99 the Basher (Demonspawn Fighter)         Turns: 17423, Time: 00:23:15

Health: -3/174     AC: 27    Str: 19 (20) XL:     14   Next: 86%
Magic:  16/16      EV:  2    Int:  8 (11) God:    Jiyva [******]
Gold:   616        SH:  0    Dex: 16 (17) Spells: 13/13 levels left

rFire   . . .      SeeInvis .   a - +2 demon whip (venom)
rCold   . . .      Faith    +   z - +2 kite shield
rNeg    + . .      Spirit   .   (body armour currently unavailable)
rPois   +          Reflect  .   (helmet currently unavailable)
rElec   .          Harm     .   (cloak currently unavailable)
rCorr   +          Rampage  .   (gloves currently unavailable)
Will    +....      NoTele   +   (boots currently unavailable)
Stlth   +++++.....              o - amulet of Oshesef {Faith rN+}
HPRegen 1.99/turn               (no ring)
MPRegen 0.65/turn               (no ring)

@: confused, lethally poisoned (-3 -> -6), tree-form, ambrosia-drunk,
attractive, hasted, invisible, very quick
A: stationary, stasis, torment immunity, boosted hp, thin skeletal structure 3,
demonic guardian 2, demonic magic 2, (weakness stinger 2), (horns 1), (talons
1), clumsy 1, (cold resistance 2), (fire resistance 1), high MP 2, evolution 1,
(jelly sensing items), (jelly absorbing missiles)
a: Renounce Religion, Oozemancy, Slimify


You were on level 6 of the Lair of Beasts.
You worshipped Jiyva.
Jiyva was exalted by your worship.
You were a tree.
You visited 2 branches of the dungeon, and saw 17 of its levels.

You collected 616 gold pieces.

Inventory:

Hand Weapons
 a - a +2 demon whip of venom (weapon)
 i - a +0 flail
 t - a +3 whip
 u - a +0 vampiric whip
 v - a +0 whip
 w - a +2 whip of draining
 y - a +2 vorpal hunting sling
 G - a +0 flail of draining
Missiles
 e - 179 stones (quivered)
 r - 3 boomerangs
Armour
 f - a +0 plate armour
 j - a +2 pair of boots of stealth (melded)
 n - a +2 pair of gloves of dexterity (melded)
 z - a +2 kite shield (worn)
 B - +1 storm dragon scales (melded)
 F - the +0 helmet "Nage" {Int+3 Dex+4}
   (You found it on level 1 of the Lair of Beasts)

   Int:       It affects your intelligence (+3).
   Dex:       It affects your dexterity (+4).
Magical Staves
 A - a staff of poison
Jewellery
 h - an amulet of regeneration
 o - the amulet of Oshesef (around neck) {Faith rN+}
   (You found it on level 3 of the Dungeon)

   [amulet of faith]

   It allows you to gain divine favour quickly.
   rN:        It protects you from negative energy.
Wands
 s - a wand of iceblast (3)
 x - a wand of flame (2)
Scrolls
 l - a scroll of identify {@r1}
 q - a scroll of vulnerability
 E - a scroll of magic mapping
Potions
 b - 2 potions of flight
 d - 3 potions of invisibility
 g - 4 potions of ambrosia
 k - a potion of lignification
 p - 2 potions of mutation
 D - a potion of attraction


   Skills:
 - Level 12.3 Fighting
 - Level 13.1 Maces & Flails
 - Level 5.8 Throwing
 - Level 8.9 Armour
 + Level 4.5 Dodging
 - Level 7.1 Stealth
 - Level 9.7 Shields
 - Level 4.3 Evocations


You had 13 spell levels left.
You didn't know any spells.
Your spell library contained the following spells:

 Spells                   Type           Power      Damage    Failure   Level
 Summon Ice Beast         Ice/Summ       0%         N/A       100%        4
 Summon Mana Viper        Hex/Summ       0%         N/A       100%        5
 Monstrous Menagerie      Summ           0%         N/A       100%        7


Dungeon Overview and Level Annotations

Branches:
Dungeon (11/15)            Temple (0/1) D:6            Lair (6/6) D:9
  Swamp (0/4) Lair:4        Snake (0/4) Lair:2        Slime (0/5) Lair:6
    Orc: D:9-12

Altars:
Ashenzari
Cheibriados
Dithmenos
Elyvilon
Hepliaklqana
Nemelex Xobeh
Uskayaw
Vehumet
Wu Jian
Xom
Yredelemnul
Zin
Beogh
Jiyva

Shops:
D:10 =

Annotations:
D:9 3 runed translucent doors, croobank's ghost, novice GnDe


Innate Abilities, Weirdness & Mutations

You are a tree.
Your roots penetrate the ground, keeping you stationary.
You cannot be teleported.
You are immune to unholy pain and torment.
Your maximum health is greatly increased.
Your equipment is partially melded.
You have an unnaturally thin skeletal structure. (Dex +6, Stealth+++)
A demonic guardian rushes to your aid.
Spells you cast may paralyse nearby enemies.
((You have a tail ending in a sharp stinger.))
((You have a pair of small horns on your head.))
((You have sharp toenails.))
You are clumsy. (Dex -2)
((Your flesh is very cold resistant. (rC++)))
((Your flesh is heat resistant. (rF+)))
You have a considerably increased reservoir of magic. (+20% MP)
You have hidden genetic potential.
((You have a small jelly attached to you that senses nearby items.))
((You have a small jelly attached to you that may absorb projectiles.))


Message History

You block the sea snake's attack. The sea snake is attracted toward you.
It was a potion of invisibility.
You fade into invisibility!
* * * LOW HITPOINT WARNING * * *
You feel extremely sick. You block the sea snake's attack.
The sea snake is attracted toward you.
It was a potion of haste.
You feel yourself speed up.
* * * LOW HITPOINT WARNING * * *
You feel extremely sick. You block the sea snake's attack.
The sea snake is attracted toward you.
You are confused.
You feel invigorated.
* * * LOW HITPOINT WARNING * * *
You feel very sick. The sea snake barely misses you.
The sea snake is attracted toward you.
It was a potion of degeneration.
There was something very wrong with that liquid.
You feel weakened.
You feel dopey.
You feel clumsy.
* * * LOW HITPOINT WARNING * * *
You feel very sick.
The sea snake bites you but does no damage.
The sea snake is attracted toward you.
You fade further into invisibility.
You feel very sick.
The sea snake bites you but does no damage.
The sea snake is attracted toward you.
You cannot move. (Use ctrl+direction or * direction to attack while stationary and confused.)
You cannot move. (Use ctrl+direction or * direction to attack while stationary and confused.) Unknown command.
You cannot move. (Use ctrl+direction or * direction to attack while stationary and confused.) Unknown command.
You are too confused!
Unknown command.
Unknown command.
You feel as though your hastened speed will last longer.
You feel very sick. The sea snake bites you.
* * * LOW HITPOINT WARNING * * *
A demonic guardian appears!
The sea snake bites you!
You die...

#≈#≈#≈##...................
≈≈≈≈#≈≈#...................
.≈≈..8.≈≈≈≈...................
≈≈≈≈8≈≈≈.≈≈..................
≈≈≈≈≈#≈##≈P.................
.≈#≈#≈#.≈.S#.#....#........
#≈≈≈#≈≈≈..#.#......##......
#≈#P≈≈≈≈≈..#§....#####.P...
#.≈≈#≈##≈S♣S§..### #.##...
#########.#≈≈#≈.......#
###....
≈≈≈≈≈.≈≈≈≈≈≈≈≈3.....### ##...
P≈≈P≈≈≈≈≈≈≈≈≈≈≈...##.# ###..
≈≈≈≈##≈≈##≈≈##....#### #P...
≈≈≈.≈.≈≈##≈≈≈≈≈...# #P...
.≈≈≈≈≈≈≈≈≈≈≈≈≈....# ###[.
≈P##≈#≈#.........## #...
.≈≈≈#≈≈...........## #.J.


You could see 2 sea snakes and a friendly soul eater (summoned).

Vanquished Creatures
  Fannar (D:10)
  4 hydras
  2 catoblepae (Lair:6)
  Amaemon (Lair:2)
  A bog body (Lair:4)
  A harpy (Lair:6)
  2 manticores
  2 cyclopes (D:11)
  8 elephants
  7 black mambas
  An orange demon (Lair:2)
  2 torpor snails
  15 cane toads
  A gargoyle (D:11)
  5 komodo dragons
  An unseen horror (D:11)
  A kobold demonologist (D:10)
  5 rime drakes
  A queen bee (Lair:4)
  Prince Ribbit (D:8)
  3 polar bears
  3 meliai (Lair:4)
  A hornet (D:9)
  14 blink frogs
  A shadow (D:11)
  3 wyverns
  43 yaks
  A vampire (D:11)
  4 basilisks
  4 steam dragons
  Grum (D:8)
  2 nagas (Lair:2)
  4 swamp worms (Lair:4)
  An acid dragon (D:6)
  11 water moccasins
  A sky beast (D:7)
  2 black bears
  An ogre (D:5)
  3 orc warriors
  21 wolves
  4 boggarts (Lair:4)
  3 centaurs
  3 lemures (D:7)
  2 kobold brigands
  10 bullfrogs
  4 gnoll sergeants
  2 scorpions
  40 killer bees
  An electric eel (Lair:4)
  2 howler monkeys (D:9)
  2 orc priests
  A gnoll shaman (D:8)
  3 iguanas
  5 orc wizards
  7 hell rats
  22 gnolls
  4 adders
  2 white imps
  2 worms
  A dart slug (D:1)
  18 orcs
  3 bats
  2 endoplasms
  4 giant cockroaches
  3 goblins
  5 hobgoblins
  3 quokkas
  7 ball pythons
  6 frilled lizards
  13 kobolds
  5 rats
375 creatures vanquished.

Vanquished Creatures (collateral kills)
  Pikel (D:7)
  Joseph (D:8)
  Maggie (D:7)
  A yak (D:10)
  2 water moccasins (D:7)
  A killer bee (Lair:4)
  A gnoll shaman (D:7)
  An orc wizard (D:7)
  3 gnolls
  4 orcs
  2 quokkas
18 creatures vanquished.

Vanquished Creatures (others)
  A cane toad (Lair:3)
  Psyche (D:10)
  A blink frog (Lair:3)
  A yak (D:10)
  A steam dragon (Lair:6)
  Menkaure (D:7)
  4 water moccasins
  A black bear (D:5)
  An ogre (D:5)
  A wolf (D:8)
  A centaur (D:5)
  2 bullfrogs
  2 necrophages (D:5)
  7 killer bees
  A howler monkey (D:6)
  105 jellies
  A hound (D:5)
  An orc priest (D:3)
  An iguana (D:5)
  2 gnolls
  3 adders
  2 white imps
  2 ufetubi
  A dart slug (D:3)
  21 orcs
  An endoplasm (D:2)
  2 hobgoblins (D:3)
  A kobold (D:3)
  2 ball pythons
  3 bats (D:2)
  A rat (D:3)
  63 fungi
  92 plants
330 creatures vanquished.

Grand Total: 723 creatures vanquished

Notes
Turn   | Place    | Note
-------+----------+-------------------------------------------
     0 | D:1      | dolemite99 the Demonspawn Fighter began the quest for the
                  | Orb.
     0 | D:1      | Reached XP level 1. HP: 18/18 MP: 1/1
    23 | D:1      | Reached skill level 2 in Maces & Flails
   298 | D:1      | Gained mutation: A weak demonic guardian rushes to your
                  | aid. [demonic ancestry]
   298 | D:1      | Reached XP level 2. HP: 16/24 MP: 2/2
   390 | D:1      | You fall into a shaft and drop 1 floor!
   523 | D:2      | Reached skill level 3 in Maces & Flails
   905 | D:2      | Gained mutation: You have a somewhat thin skeletal
                  | structure. (Dex +2, Stealth+) [demonic ancestry]
   905 | D:2      | Reached XP level 3. HP: 25/29 MP: 3/3
  1151 | D:1      | Found a faded altar of an unknown god.
  1157 | D:1      | Prayed at the altar of an unknown god.
  1157 | D:1      | Became a worshipper of Jiyva Jaraxang the Shapeless
  1157 | D:1      | Reached * piety under Jiyva
  1523 | D:2      | Gained mutation: You have a moderately thin skeletal
                  | structure. (Dex +4, Stealth++) [demonic ancestry]
  1523 | D:2      | Reached XP level 4. HP: 35/35 MP: 4/4
  1567 | D:2      | Reached skill level 4 in Maces & Flails
  2027 | D:3      | Reached ** piety under Jiyva
  2146 | D:3      | Identified the amulet of Oshesef {Faith rN+}
  2390 | D:4      | Noticed a scorpion
  2393 | D:4      | Killed a scorpion
  2394 | D:4      | Reached skill level 5 in Maces & Flails
  2394 | D:4      | Reached XP level 5. HP: 39/41 MP: 5/5
  2539 | D:4      | Reached *** piety under Jiyva
  2731 | D:4      | Gained mutation: You possess an exceptional clarity of
                  | mind. [Jiyva's grace]
  2731 | D:4      | Gained mutation: You have a pair of small horns on your
                  | head. [Jiyva's grace]
  2731 | D:4      | Gained mutation: You have a pair of horns on your head.
                  | [Jiyva's grace]
  2731 | D:4      | Gained mutation: You have a pair of large horns on your
                  | head. [Jiyva's grace]
  2993 | D:5      | Entered Level 5 of the Dungeon
  3137 | D:5      | Killed a black bear
  3172 | D:5      | Noticed a water moccasin
  3179 | D:5      | Killed a water moccasin
  3216 | D:5      | Killed a water moccasin
  3230 | D:5      | Noticed an ogre
  3241 | D:5      | Killed an ogre
  3242 | D:5      | Reached skill level 6 in Maces & Flails
  3242 | D:5      | Reached XP level 6. HP: 9/47 MP: 6/6
  3400 | D:5      | Found a sparkling altar of Nemelex Xobeh.
  3444 | D:5      | Reached **** piety under Jiyva
  3456 | D:5      | Found a radiant altar of Vehumet.
  4192 | D:6      | Reached skill level 7 in Maces & Flails
  4192 | D:6      | Gained mutation: You have a small tail. [demonic ancestry]
  4192 | D:6      | Reached XP level 7. HP: 52/52 MP: 7/7
  4550 | D:6      | Found a staircase to the Ecumenical Temple.
  4693 | D:6      | Reached skill level 8 in Maces & Flails
  4982 | D:6      | Reached ***** piety under Jiyva
  5359 | D:7      | Gained mutation: You have a tail ending in a sharp stinger.
                  | [demonic ancestry]
  5359 | D:7      | Reached XP level 8. HP: 38/58 MP: 8/8
  5372 | D:7      | Reached skill level 9 in Maces & Flails
  5461 | D:7      | Lost mutation: You possess an exceptional clarity of mind.
                  | [Jiyva's grace]
  5461 | D:7      | Gained mutation: You have a small jelly attached to you
                  | that may absorb projectiles. [Jiyva's grace]
  5461 | D:7      | Gained mutation: Armour fits poorly on your pseudopods.
                  | [Jiyva's grace]
  5461 | D:7      | Gained mutation: Armour fits poorly on your large
                  | pseudopods. [Jiyva's grace]
  5461 | D:7      | Gained mutation: Armour fits poorly on your massive
                  | pseudopods. [Jiyva's grace]
  5664 | D:7      | Reached skill level 10 in Maces & Flails
  5668 | D:7      | Killed Menkaure
  5736 | D:7      | Found a shadowy altar of Dithmenos.
  5845 | D:7      | Noticed Pikel
  5851 | D:7      | Noticed Maggie
  5858 | D:7      | Killed Pikel
  5859 | D:7      | Killed Maggie
  5860 | D:7      | Reached skill level 11 in Maces & Flails
  5860 | D:7      | Gained mutation: Spells you cast may paralyse adjacent
                  | enemies. [demonic ancestry]
  5860 | D:7      | Reached XP level 9. HP: 25/63 MP: 9/9
  6407 | D:8      | Found a faded altar of an unknown god.
  6407 | D:8      | Found a hazy altar of Hepliaklqana.
  6413 | D:8      | Found a faded altar of an unknown god.
  6440 | D:8      | Found a shimmering altar of Xom.
  6600 | D:8      | Noticed Prince Ribbit
  6611 | D:8      | Killed Prince Ribbit
  6612 | D:8      | Reached skill level 12 in Maces & Flails
  6767 | D:8      | Noticed Grum
  6862 | D:8      | Found an ornate altar of the Wu Jian Council.
  6932 | D:8      | Killed Grum
  7011 | D:8      | Noticed Joseph
  7019 | D:8      | Killed Joseph
  7020 | D:8      | Reached skill level 13 in Maces & Flails
  7351 | D:9      | Found a broken altar of Ashenzari.
  7379 | D:9      | Found a runed translucent gate.
  7379 | D:9      | Found a runed translucent gate.
  7379 | D:9      | Found a runed translucent gate.
  7388 | D:9      | Gained mutation: You have an unnaturally thin skeletal
                  | structure. (Dex +6, Stealth+++) [demonic ancestry]
  7388 | D:9      | Reached XP level 10. HP: 60/70 MP: 10/10
  7410 | D:9      | Reached ****** piety under Jiyva
  7424 | D:9      | Noticed croobank's ghost (novice GnDe)
  7425 | D:9      | Noticed a spectral centaur warrior
  7477 | D:9      | Found a staircase to the Lair.
  7614 | D:9      | Lost mutation: Armour fits poorly on your massive
                  | pseudopods. [Jiyva's grace]
  7614 | D:9      | Gained mutation: Your flesh is heat resistant. (rF+)
                  | [Jiyva's grace]
  7614 | D:9      | Gained mutation: Your flesh is very heat resistant. (rF++)
                  | [Jiyva's grace]
  7614 | D:9      | Gained mutation: Your flesh is almost immune to the effects
                  | of heat. (rF+++) [Jiyva's grace]
  7614 | D:9      | Gained mutation: Your rubbery body absorbs attacks. (AC +1,
                  | EV +1) [Jiyva's grace]
  8115 | D:10     | Entered Level 10 of the Dungeon
  8418 | D:10     | Reached skill level 5 in Shields
  8434 | D:10     | Found Qikhawait's Jewellery Boutique.
  8533 | D:10     | Killed Psyche
  8688 | D:10     | Found a snail-covered altar of Cheibriados.
  8776 | D:10     | Noticed Fannar
  8792 | D:10     | Killed Fannar
  8793 | D:10     | Reached skill level 5 in Fighting
  8793 | D:10     | Reached XP level 11. HP: 49/81 MP: 11/11
  8953 | D:10     | Found a hide-covered altar of Uskayaw.
  8953 | D:10     | Found a basalt altar of Yredelemnul.
  9057 | D:10     | Noticed a centaur warrior
  9645 | D:11     | Reached XP level 12. HP: 94/94 MP: 12/12
  9682 | D:11     | Reached skill level 1 in Evocations
 10628 | Lair:1   | Entered Level 1 of the Lair of Beasts
 10663 | Lair:1   | Lost mutation: Your flesh is almost immune to the effects
                  | of heat. (rF+++) [Jiyva's grace]
 10663 | Lair:1   | Lost mutation: Your flesh is very heat resistant. (rF++)
                  | [Jiyva's grace]
 10663 | Lair:1   | Lost mutation: Armour fits poorly on your large pseudopods.
                  | [Jiyva's grace]
 10663 | Lair:1   | Gained mutation: You have sharp toenails. [Jiyva's grace]
 10663 | Lair:1   | Gained mutation: You have razor-sharp toenails. [Jiyva's
                  | grace]
 10663 | Lair:1   | Gained mutation: You have claws for feet. [Jiyva's grace]
 10663 | Lair:1   | Gained mutation: You have a small jelly attached to you
                  | that senses nearby items. [Jiyva's grace]
 10786 | Lair:1   | Reached skill level 1 in Stealth
 11508 | Lair:1   | Identified the +0 helmet "Nage" {Int+3 Dex+4}
 11578 | Lair:2   | Reached skill level 5 in Stealth
 11821 | Lair:2   | Found a staircase to the Snake Pit.
 11965 | Lair:2   | Noticed Amaemon
 11982 | Lair:2   | Killed Amaemon
 12031 | Lair:2   | Lost mutation: You have a pair of large horns on your head.
                  | [Jiyva's grace]
 12031 | Lair:2   | Lost mutation: You have claws for feet. [Jiyva's grace]
 12031 | Lair:2   | Lost mutation: You have razor-sharp toenails. [Jiyva's
                  | grace]
 12031 | Lair:2   | Lost mutation: You have a small jelly attached to you that
                  | senses nearby items. [Jiyva's grace]
 12031 | Lair:2   | Gained mutation: You passively dampen the noise of your
                  | surroundings. [Jiyva's grace]
 12031 | Lair:2   | Gained mutation: You expend magic power (3 MP) to
                  | strengthen your wands. [Jiyva's grace]
 12031 | Lair:2   | Gained mutation: Your pliable body absorbs attacks. (AC +2,
                  | EV +2) [Jiyva's grace]
 12031 | Lair:2   | Gained mutation: Your gelatinous body deflects attacks. (AC
                  | +3, EV +3) [Jiyva's grace]
 12721 | Lair:3   | Noticed a four-headed hydra
 12731 | Lair:3   | Killed a four-headed hydra
 12745 | Lair:3   | Gained mutation: Spells you cast may paralyse nearby
                  | enemies. [demonic ancestry]
 12745 | Lair:3   | Reached XP level 13. HP: 76/101 MP: 13/13
 12875 | Lair:3   | Gained mutation: A demonic guardian rushes to your aid.
                  | [demonic ancestry]
 12875 | Lair:3   | Reached XP level 14. HP: 34/114 MP: 11/14
 13629 | Lair:4   | Lost mutation: Your flesh is heat resistant. (rF+) [Jiyva's
                  | grace]
 13629 | Lair:4   | Lost mutation: Your gelatinous body deflects attacks. (AC
                  | +3, EV +3) [Jiyva's grace]
 13629 | Lair:4   | Lost mutation: You expend magic power (3 MP) to strengthen
                  | your wands. [Jiyva's grace]
 13629 | Lair:4   | Gained mutation: You have an increased reservoir of magic.
                  | (+10% MP) [Jiyva's grace]
 13629 | Lair:4   | Gained mutation: You have a considerably increased
                  | reservoir of magic. (+20% MP) [Jiyva's grace]
 13629 | Lair:4   | Gained mutation: You have a greatly increased reservoir of
                  | magic. (+30% MP) [Jiyva's grace]
 13629 | Lair:4   | Gained mutation: You have a small jelly attached to you
                  | that senses nearby items. [Jiyva's grace]
 14080 | Lair:4   | Found a staircase to the Swamp.
 14732 | Lair:4   | Found a shadowy altar of Dithmenos.
 14817 | Lair:4   | Reached skill level 1 in Throwing
 15798 | Lair:5   | Identified the +7 mace of Tuesec {holy, rElec rC- Dex+2
                  | SInv}
 16000 | Lair:5   | Lost mutation: You have a pair of horns on your head.
                  | [Jiyva's grace]
 16000 | Lair:5   | Lost mutation: You have a greatly increased reservoir of
                  | magic. (+30% MP) [Jiyva's grace]
 16000 | Lair:5   | Lost mutation: Your pliable body absorbs attacks. (AC +2,
                  | EV +2) [Jiyva's grace]
 16000 | Lair:5   | Lost mutation: You passively dampen the noise of your
                  | surroundings. [Jiyva's grace]
 16000 | Lair:5   | Gained mutation: You have hidden genetic potential.
                  | [Jiyva's grace]
 16000 | Lair:5   | Gained mutation: You have great hidden genetic potential.
                  | [Jiyva's grace]
 16000 | Lair:5   | Gained mutation: Your movements are slightly less
                  | encumbered by armour. (ER -2) [Jiyva's grace]
 16000 | Lair:5   | Gained mutation: Your movements are less encumbered by
                  | armour. (ER -4) [Jiyva's grace]
 16032 | Lair:5   | Reached skill level 5 in Throwing
 16720 | Lair:6   | Entered Level 6 of the Lair of Beasts
 16762 | Lair:6   | Reached skill level 1 in Dodging
 16959 | Lair:6   | Found a staircase to the Slime Pits.
 16960 | Lair:6   | Found a viscous altar of Jiyva.
 17123 | Lair:6   | Lost mutation: Your rubbery body absorbs attacks. (AC +1,
                  | EV +1) [Jiyva's grace]
 17123 | Lair:6   | Lost mutation: You have great hidden genetic potential.
                  | [Jiyva's grace]
 17123 | Lair:6   | Lost mutation: Your movements are less encumbered by
                  | armour. (ER -4) [Jiyva's grace]
 17123 | Lair:6   | Lost mutation: Your movements are slightly less encumbered
                  | by armour. (ER -2) [Jiyva's grace]
 17123 | Lair:6   | Gained mutation: Your flesh is cold resistant. (rC+)
                  | [Jiyva's grace]
 17123 | Lair:6   | Gained mutation: Your flesh is very cold resistant. (rC++)
                  | [Jiyva's grace]
 17123 | Lair:6   | Gained mutation: Your flesh is almost immune to the effects
                  | of cold. (rC+++) [Jiyva's grace]
 17123 | Lair:6   | Gained mutation: You have a pair of horns on your head.
                  | [Jiyva's grace]
 17416 | Lair:6   | Lost mutation: You have a pair of horns on your head.
                  | [potion of mutation]
 17416 | Lair:6   | Lost mutation: Your flesh is almost immune to the effects
                  | of cold. (rC+++) [potion of mutation]
 17416 | Lair:6   | Gained mutation: You are clumsy. (Dex -2) [potion of
                  | mutation]
 17416 | Lair:6   | Lost mutation: Armour fits poorly on your pseudopods.
                  | [potion of mutation]
 17416 | Lair:6   | Gained mutation: Your flesh is heat resistant. (rF+)
                  | [potion of mutation]
 17419 | Lair:6   | HP: 6/174 [poisoned by a sea snake]
 17423 | Lair:6   | Slain by a sea snake

Illustrated notes

Levels and vault maps discovered:
D:1:      psy_arrival_whirlpool, layout_rooms,
          hellmonk_ecumenical_altar_defaced_shrine
D:2:      layout_loops_ring, basic_altar
D:3:      layout_rooms, kennysheep_another_room
D:4:      layout_cave_pods, portal_sewer_entry_b
D:5:      layout_loops_ring, nemelex_diamond_rough_becter,
          mainiacjoe_overflow_surrounded_room, serial_rivers,
          chequers_serial_rivers_micro_a, chequers_serial_rivers_room_b,
          chequers_serial_rivers_micro_c, chequers_serial_rivers_micro_e,
          chequers_serial_rivers_large_b, chequers_serial_rivers_room_a
D:6:      layout_cave_pods, elyvilon_altar_5, minmay_temple_entry_purple_smoke
D:7:      layout_loops_ring, mainiacjoe_overflow_tiny_flanked,
          minmay_manual_mullet, uniq_maggie, uniq_pikel, uniq_menkaure
D:8:      layout_gridville, chequers_temple_overflow_minitemple,
          nzn_wu_jian_contemplation, minmay_misc_feat_four_crosses, uniq_joseph,
          uniq_prince_ribbit1, uniq_grum
D:9:      layout_long_grid, ashenzari_altar_1, dpeg_oklobed_lair,
          gammafunk_ghost_necromancy
D:10:     layout_roguey, mainiacjoe_overflow_divided_tiny,
          lemuel_coloured_pillars_altar, serial_shops, kennysheep_little_box,
          lightli_corner_chamber, uniq_psyche, uniq_fannar
D:11:     layout_basic
Lair:1:   layout_gridlike
Lair:2:   layout_cave_pods, guppyfry_snake_entry_garden, uniq_amaemon
Lair:3:   layout_loops_ring, kennysheep_catoblepas_arena, grunt_megastairs_5,
          infiniplex_staircase_pool_2, serial_bayou_shore_b, lemuel_fruit_tree
Lair:4:   regret_index_bee_streams, layout_long_grid,
          nicolae_swamp_entry_splash_gauntlet, nicolae_volcano_entry_hallway,
          basic_altar, kilobyte_rumbling_trees, uniq_urug
Lair:5:   layout_cellular_growth
Lair:6:   gammafunk_lair_ancient_temple, layout_hall_layers, slime_altar_1

Skill      XL: |  1  2  3  4  5  6  7  8  9 10 11 12 13 14 |
---------------+-------------------------------------------+-----
Maces & Flails | 2 3 5 6 7 8 11 13 | 13.1
Armour         | 3 4 7 8 |  8.9
Shields        | 7 9 |  9.7
Fighting       | 5 8 9 11 12 | 12.3
Evocations     | 4 |  4.3
Stealth        | 7 |  7.1
Throwing       | 5 |  5.8
Dodging        | 4 |  4.5

Action                   |  1- 3 |  4- 6 |  7- 9 | 10-12 | 13-15 || total
-------------------------+-------+-------+-------+-------+-------++-------
Melee: Flail             |    56 |       |   154 |   267 |       ||   477
       Whip              |    42 |   102 |    95 |       |       ||   239
       Headbutt          |       |     8 |    53 |    87 |   152 ||   300
       Tailslap          |       |       |    29 |    73 |   117 ||   219
       Pseudopods        |       |       |    21 |    85 |   151 ||   257
       Kick              |       |       |       |    86 |    30 ||   116
       Demon whip        |       |       |       |    67 |   528 ||   595
Throw: Stone             |     8 |    17 |    14 |    44 |    46 ||   129
       Javelin           |       |     3 |       |       |       ||     3
       Boomerang         |       |     3 |       |       |       ||     3
       Dart              |       |       |       |       |    15 ||    15
Invok: Oozemancy         |       |       |       |     9 |     4 ||    13
Evoke: Wand              |       |       |       |    12 |    13 ||    25
  Use: Scroll            |     2 |     4 |     5 |     3 |     5 ||    19
       Potion            |       |     1 |     1 |     1 |    10 ||    13
 Stab: Distracted        |       |       |       |     2 |       ||     2
       Sleeping          |       |       |       |     2 |     4 ||     6
Armor: Plate armour      |    93 |    69 |   129 |    51 |       ||   342
       Scale mail        |     7 |       |       |       |       ||     7
       Storm dragon scal |       |       |       |    83 |   157 ||   240
       Skin              |       |       |       |       |     3 ||     3
Dodge: Dodged            |    29 |    14 |    63 |    58 |   127 ||   291
Block: Buckler           |    26 |    27 |    63 |    18 |       ||   134
       Kite shield       |       |       |       |   134 |   362 ||   496

Table legend: (Time is in decaauts)
 A = Elapsed time spent in this place.
 B = Non-inter-level travel time spent in this place.
 C = Inter-level travel time spent in this place.
 D = Time resting spent in this place.
 E = Time spent auto-exploring this place.
 F = Levels seen in this place.
 G = Mean time per level.
                   A        B        C        D        E       F      G
               +--------+--------+--------+--------+--------+-----+--------+
         Total |  17268 |  16673 |    595 |   3198 |   9742 |  17 | 1015.8 |
       Dungeon |  10651 |  10263 |    388 |   2174 |   6128 |  11 |  968.3 |
          Lair |   6616 |   6409 |    207 |   1024 |   3614 |   6 | 1102.7 |
               +--------+--------+--------+--------+--------+-----+--------+

Top non-repeatable levels by time:
  Lair:4: 2104 daAuts
    D:11: 1346 daAuts
     D:6: 1199 daAuts
  Lair:2: 1164 daAuts
     D:9: 1113 daAuts
     D:7: 1105 daAuts
    D:10: 1103 daAuts
     D:5: 1068 daAuts
     D:2: 998 daAuts
  Lair:5: 932 daAuts
  Lair:1: 902 daAuts
  Lair:3: 830 daAuts
     D:4: 768 daAuts
     D:1: 755 daAuts
     D:8: 701 daAuts
